Map: King Sejong Station LE

Players

JunHyoSeong (Demi) - Winner!

  • Race: Zerg Zerg
  • League: Master

Pokebunny

  • Race: Terran Terran
  • League: Master

Event: SpawningTool Invitational 1

VOD

https://www.youtube.com/watch?v=y051JGJX31k

Description

Time

  • Played on: May 30, 2016, 6 p.m.
  • Length: 15:10

All games in this series

Show
View Real Time Build Order
Export as new Build Order

JunHyoSeong Zerg - Winner!

Build Orders: Pool First 

Get SALT Encoding   

  12  0:01  Drone  
  13  0:12  Overlord  
  13  0:18  Drone  
  14  0:31  Drone x2  
  16  0:36  Drone  
  17  0:45  Extractor  
  17  0:47  Drone  
  17  0:50  Spawning Pool  
  16  0:59  Drone  
  17  1:08  Drone  
  18  1:22  Hatchery  
  17  1:31  Drone  
  18  1:37  Queen  
  20  1:43  Zergling x4  
  22  1:50  Metabolic Boost  
  22  1:57  Overlord  
  22  2:15  Queen  
  24  2:17  Drone x2  
  26  2:23  Drone  
  28  2:37  Queen, Drone x2  
  31  2:46  Overlord  
  31  2:54  Drone x4  
  34  3:05  Zergling x4  
  35  3:10  Zergling x2  
  36  3:18  Drone x2, Hatchery  
  37  3:25  Drone  
  38  3:30  Overlord  
  38  3:32  Drone x3  
  38  3:33  Drone  
  42  3:42  Drone  
  42  3:43  Drone  
  44  3:49  Drone x3  
  44  3:54  Roach Warren  
  46  3:56  Drone  
  47  4:02  Overlord  
  47  4:04  Queen, Drone x2  
  47  4:06  Extractor  
  50  4:15  Drone x2  
  50  4:16  Spore Crawler  
  51  4:17  Overlord  
  51  4:18  Extractor  
  51  4:20  Evolution Chamber  
  51  4:23  Drone, Lair  
  50  4:29  Overlord  
  50  4:30  Overlord  
  50  4:36  Drone x3  
  50  4:37  Drone  
  54  4:41  Queen  
  56  4:46  Drone x2  
  56  4:50  Drone x2  
  57  4:58  Drone x4  
  57  4:59  Drone  
  61  5:05  Queen  
  63  5:08  Zerg Ground Armor Level 1  
  63  5:14  Zergling x2  
  63  5:15  Zergling x2  
  63  5:16  Overlord  
  63  5:17  Drone  
  63  5:18  Drone  
  67  5:23  Glial Reconstitution  
  67  5:32  Drone x3  
  67  5:34  Overlord  
  67  5:35  Roach x3  
  76  5:36  Roach  
  78  5:42  Overlord  
  78  5:43  Overlord  
  78  5:47  Roach x3  
  78  5:48  Extractor  
  83  5:50  Roach  
  83  5:51  Zergling x2  
  83  5:57  Roach x3  
  92  5:59  Ravager  
  92  6:02  Ravager  
  94  6:05  Roach  
  94  6:06  Zergling x2, Roach  
  94  6:08  Queen  
  94  6:11  Zergling x2, Roach x2  
  105  6:19  Queen  
  93  6:27  Zergling x16  
  85  6:40  Roach  
  85  6:41  Roach x5  
  85  6:45  Roach  
  99  6:53  Roach x5  
  99  7:06  Roach x3  
  105  7:12  Overlord  
  105  7:13  Overlord x2  
  99  7:24  Zergling x2  
  99  7:25  Zergling x8  
  99  7:29  Roach x3  
  98  7:30  Roach x2  
  98  7:34  Roach x3  
  102  7:38  Roach  
  102  7:39  Roach  
  102  7:42  Ravager x2  
  102  7:43  Ravager x2  
  110  7:45  Zergling x2  
  110  7:52  Roach x2  
  106  8:03  Roach x3  
  100  8:06  Roach  
  100  8:11  Queen x2  
  106  8:14  Extractor  
  106  8:16  Extractor, Roach  
  106  8:17  Zergling x6, Roach x2  
  106  8:19  Zergling x2  
  114  8:30  Zerg Missile Weapons Level 1  
  115  8:34  Zergling x10  
  119  8:43  Overlord x3  
  119  8:45  Roach x3  
  123  8:54  Roach x3  
  129  8:58  Overlord  
  129  9:05  Roach x4  
  137  9:14  Overlord  
  137  9:17  Queen  
  137  9:19  Roach x5  
  149  9:39  Infestation Pit  
  149  9:43  Drone x4  
  149  9:45  Drone x3  
  155  9:47  Extractor  
  155  9:51  Zergling x2, Roach x4  
  155  9:52  Zergling x8  
  167  9:53  Zergling x2  
  168  10:14  Hatchery  
  168  10:17  Pathogen Glands  
  168  10:18  Overlord x3  
  167  10:29  Zerg Ground Armor Level 2  
  167  10:31  Hive  
  167  10:44  Infestor x2  
  167  10:45  Infestor x2  
  175  10:54  Drone  
  175  10:55  Drone x6, Evolution Chamber  
  175  10:56  Overlord  
  181  11:06  Overlord x2  
  181  11:13  Drone x4  
  181  11:14  Drone  
  184  11:22  Zerg Missile Weapons Level 2  
  183  11:29  Zergling x2, Roach x4  
  183  11:30  Zergling x8  
  183  11:31  Ravager  
  183  11:32  Ravager x2  
  154  11:57  Roach  
  154  11:58  Roach x10  
  160  12:11  Ultralisk Cavern, Drone  
  160  12:12  Drone  
  160  12:22  Drone x5  
  165  12:23  Drone  
  165  12:24  Drone x2  
  165  12:26  Extractor  
  166  12:40  Queen  
  168  12:56  Spine Crawler  
  166  13:01  Extractor  
  166  13:03  Chitinous Plating  
  168  13:05  Ultralisk  
  168  13:06  Ultralisk  
  180  13:13  Ultralisk  
  179  13:26  Ultralisk  
  191  13:27  Ultralisk  
  191  13:43  Zergling x2, Ultralisk  
  191  13:44  Zergling x2  
  197  14:20  Zergling x2  
  197  14:21  Ravager x4  
  183  14:50  Zergling x8  
Show
View Real Time Build Order
Export as new Build Order

Pokebunny Terran 

Build Orders: Reaper Expand, Bio Tank 

Get SALT Encoding   

  12  0:01  SCV  
  13  0:13  SCV  
  14  0:20  Supply Depot  
  14  0:25  SCV  
  15  0:42  SCV  
  16  0:43  Barracks  
  16  0:45  Refinery  
  16  0:54  SCV  
  17  1:06  SCV  
  18  1:18  SCV  
  19  1:29  Reaper  
  19  1:30  Orbital Command  
  20  1:41  Command Center  
  20  1:50  Supply Depot  
  20  1:56  Refinery  
  20  1:57  SCV  
  21  2:01  Marine  
  22  2:10  SCV  
  22  2:13  Factory  
  23  2:21  Barracks Reactor  
  23  2:22  SCV  
  24  2:34  SCV  
  25  2:43  Barracks  
  23  3:02  Marine x2, Factory Tech Lab  
  23  3:05  SCV  
  26  3:06  Starport  
  26  3:12  Orbital Command  
  26  3:17  Bunker  
  26  3:22  Siege Tank  
  26  3:24  Marine x2  
  31  3:27  SCV  
  32  3:34  Barracks Tech Lab  
  32  3:38  Barracks  
  32  3:42  SCV x2  
  32  3:46  Marine x2  
  36  3:50  Medivac  
  38  3:56  Stimpack  
  38  3:58  SCV x2  
  40  4:03  Supply Depot  
  40  4:07  Marine x2  
  40  4:09  Marine  
  42  4:17  Siege Tank  
  46  4:25  SCV x2  
  46  4:27  Supply Depot, Barracks Reactor  
  46  4:30  Starport Reactor  
  48  4:37  Marine x2, SCV x2  
  48  4:38  Marine  
  53  4:43  Refinery  
  53  5:03  SCV x2  
  53  5:04  Marine x5  
  60  5:08  Supply Depot  
  60  5:09  Supply Depot  
  60  5:12  Siege Tank  
  63  5:21  Medivac  
  63  5:22  Marine x3  
  63  5:23  Marine x2  
  70  5:35  Medivac, SCV x2  
  73  5:39  Marine  
  73  5:40  Marine  
  76  5:46  Supply Depot, Marine  
  76  5:47  Engineering Bay, Marine x2  
  79  5:55  SCV x2  
  81  5:57  Marine, Combat Shields  
  82  6:08  Marine, Siege Tank  
  82  6:09  Marine x3  
  82  6:10  Medivac  
  91  6:11  SCV  
  91  6:13  SCV  
  79  6:26  Marine x4  
  79  6:28  Marine  
  75  6:44  Marine x4, Medivac, Siege Tank  
  75  6:46  Marine  
  85  6:59  Medivac  
  85  7:02  Marine x4  
  85  7:03  Supply Depot  
  85  7:04  Marine, Terran Infantry Weapons Level 1  
  85  7:17  SCV  
  85  7:18  SCV  
  85  7:19  Marine  
  85  7:20  Marine  
  88  7:28  Marine x2  
  88  7:29  Marine  
  86  7:30  SCV x2  
  88  7:37  Marine  
  88  7:39  Command Center  
  89  7:46  Marine x3  
  89  7:51  Marine  
  93  7:55  Marine  
  90  8:04  Marine x2  
  76  8:07  Marine  
  76  8:08  Marine  
  76  8:09  Refinery  
  76  8:12  Barracks x2  
  78  8:13  Marine  
  78  8:15  Engineering Bay, SCV x2  
  78  8:17  Armory  
  81  8:22  Marine  
  81  8:26  Marine  
  83  8:27  Marine  
  83  8:28  Siege Tank  
  83  8:29  SCV x2  
  89  8:34  Medivac  
  89  8:35  Medivac  
  93  8:52  Marine x3  
  93  8:53  Marine  
  93  8:54  Orbital Command  
  97  8:57  Terran Infantry Armor Level 1  
  97  9:00  Siege Tank  
  100  9:06  Marine  
  96  9:10  Marine x2, SCV x2  
  96  9:16  Marine x2  
  102  9:19  Barracks Reactor x2, Terran Infantry Weapons Level 2, Orbital Command  
  102  9:23  SCV x2  
  104  9:24  Marine  
  105  9:32  Siege Tank  
  105  9:34  Medivac  
  105  9:36  Supply Depot, Marine x4  
  105  9:38  Supply Depot  
  114  9:42  Marine  
  115  9:47  Supply Depot x2  
  115  9:51  Terran Vehicle Weapons Level 1  
  115  9:52  Supply Depot x2  
  115  9:54  Marine x2  
  115  9:57  Marine x2  
  119  10:00  Marine x2  
  119  10:01  Marine x2  
  119  10:02  SCV  
  119  10:03  SCV  
  119  10:04  SCV  
  126  10:08  Refinery  
  126  10:19  Siege Tank  
  129  10:22  SCV x3  
  129  10:23  Marine  
  129  10:24  Supply Depot, Marine x3  
  129  10:25  Marine  
  129  10:26  Supply Depot  
  136  10:34  SCV x3  
  139  10:43  Marine  
  139  10:44  Marine x8, Sensor Tower  
  139  10:48  Supply Depot  
  147  10:56  Siege Tank  
  148  11:00  Terran Infantry Armor Level 2  
  148  11:01  Marine  
  148  11:02  Marine x3  
  152  11:17  Marine x3  
  152  11:18  Marine, Marauder  
  156  11:19  Marine  
  156  11:21  Medivac x2  
  161  11:27  Marine  
  161  11:28  Supply Depot x2, Marine x2, Siege Tank  
  167  11:35  Marine  
  168  11:41  Marine  
  168  11:42  Marine, Marauder  
  165  11:53  Marine x2  
  145  11:58  Marine x2  
  123  12:02  Marine x4  
  123  12:03  Marauder  
  123  12:06  Command Center  
  128  12:09  Barracks x2  
  128  12:10  Barracks  
  128  12:11  Marine  
  127  12:16  Marine  
  127  12:17  Marine x2  
  127  12:19  Marine  
  131  12:25  Marauder  
  131  12:27  Terran Infantry Weapons Level 3  
  133  12:31  Marine x2  
  133  12:32  Marine x2  
  137  12:42  Marine x3  
  137  12:43  Marine  
  140  12:46  Marauder, Siege Tank  
  140  12:49  Marine  
  146  12:56  Marine  
  146  12:57  Marine, Barracks Tech Lab x2  
  146  12:58  Barracks Reactor, Marine  
  149  13:00  Marine x3  
  149  13:04  Marine  
  153  13:07  Marine  
  153  13:08  Marauder  
  156  13:14  Marine x2  
  156  13:16  Marine  
  156  13:18  Marine, Siege Tank  
  163  13:21  Refinery  
  163  13:29  Marine  
  163  13:30  Marauder x2  
  163  13:31  Marine x2, Marauder, Concussive Shells  
  172  13:39  Sensor Tower  
  172  13:40  Starport  
  172  13:45  Fusion Core  
  172  13:47  Liberator x2  
  178  14:14  Marine x2  
  178  14:15  Marine x2, Marauder  
  174  14:33  Marine x2, Marauder  
  136  14:46  Marine x3, Marauder  
Tags
 
Add a new tag
Caveats
  • Supply blocks, unpowered buildings, or Contaminate may cause inaccurate times.
  • Supply counts are checked every 10 seconds.